 Dungeon Crawl Stone Soup version 0.28-a0-983-g1de4e0787c (webtiles) character file.

Game seed: 13223601659746476538

147 Glokmah the Chucker (level 5, -1/41 HPs)
             Began as a Demonspawn Hunter on Dec 3, 2021.
             Was a Believer of Uskayaw.
             Slain by a scorpion (7 damage)
             ... on level 4 of the Dungeon.
             The game lasted 00:04:34 (3394 turns).

Glokmah the Chucker (Demonspawn Hunter)             Turns: 3394, Time: 00:04:34

Health: -1/41      AC: 10    Str: 14    XL:     5   Next: 7%
Magic:  4/6        EV: 10    Int: 13    God:    Uskayaw [**....]
Gold:   119        SH:  0    Dex: 13    Spells: 4/4 levels left

rFire   . . .      SeeInvis .   a - +0 short sword
rCold   . . .      Faith    .   (no shield)
rNeg    . . .      Spirit   .   u - +0 ring mail
rPois   .          Reflect  .   (no helmet)
rElec   .          Harm     .   s - +0 cloak
rCorr   .          Rampage  .   (no gloves)
Will    .....                   q - +1 pair of boots
Stlth   +.........              (no amulet)
HPRegen 0.13/turn               (no ring)
MPRegen 0.20/turn               (no ring)

@: no status effects
A: icy blue scales 1, magic regeneration
a: Renounce Religion, Stomp, Line Pass


You were on level 4 of the Dungeon.
You worshipped Uskayaw.
Uskayaw was noncommittal.
You visited 1 branch of the dungeon, and saw 4 of its levels.

You collected 119 gold pieces.

Inventory:

Hand Weapons
 a - a +0 short sword (weapon)
 l - a +0 falchion
Missiles
 c - a javelin (quivered)
 d - 2 throwing nets
 g - 86 stones
 m - 3 silver javelins
Armour
 b - a +0 leather armour
 q - a +1 pair of boots (worn)
 s - a +0 cloak (worn)
 u - a +0 ring mail (worn)
Scrolls
 e - a scroll of magic mapping {unknown}
 f - a scroll of holy word {unknown}
 h - a scroll of fog {unknown}
 i - a scroll of amnesia {unknown}
 j - a scroll of noise {unknown}
 n - a scroll of vulnerability {unknown}
 r - a scroll of teleportation {unknown}
 v - a scroll of silence {unknown}
Potions
 k - a potion of invisibility {unknown}
 o - a potion of flight {unknown}
 p - a potion of might {unknown}
 t - a potion of brilliance {unknown}
 w - a potion of haste {unknown}
 x - a potion of heal wounds {unknown}


   Skills:
 + Level 3.2 Fighting
 * Level 5.0 Throwing
 - Level 1.7 Dodging
 - Level 0.8 Stealth
 * Level 2.1 Invocations


You had 4 spell levels left.
You didn't know any spells.
Your spell library was empty.

Dungeon Overview and Level Annotations

Branches:
Dungeon (4/15)
 Temple: D:4-7

Altars:
Uskayaw
Wu Jian


Innate Abilities, Weirdness & Mutations

You are partially covered in icy blue scales. (AC +2)
You regenerate magic rapidly.


Message History

The javelin pierces through the centaur!
You kill the centaur!
The javelin pierces through the scorpion!
The scorpion is heavily wounded.
You can now pass through a line of other dancers.
Your Fighting skill increases to level 3!
Your Throwing skill increases to level 5!
Your Invocations skill gained 2 levels and is now at level 2!
You have reached level 5!
Your demonic ancestry asserts itself...
Icy blue scales grow over part of your body.
Unknown command.
Throw: 4 javelins
Press: ? - help, Q - select action, (/) - cycle Shift-Dir - straight line, f/p - scorpion
Aim: a scorpion (heavily wounded, 60% to hit)
You throw a javelin.
The javelin pierces through the scorpion but does no damage.
The scorpion is heavily wounded.
The scorpion closely misses you. The scorpion stings you.
* * * LOW HITPOINT WARNING * * *
Unknown command.
Throw: 3 javelins
Press: ? - help, Q - select action, (/) - cycle Shift-Dir - straight line, f/p - scorpion
Aim: a scorpion (heavily wounded, 60% to hit)
You throw a javelin.
The javelin closely misses the scorpion.
The scorpion stings you.
* * * LOW HITPOINT WARNING * * *
Unknown command.
Throw: 2 javelins
Press: ? - help, Q - select action, (/) - cycle Shift-Dir - straight line, f/p - scorpion
Aim: a scorpion (heavily wounded, 60% to hit)
You throw a javelin.
The javelin pierces through the scorpion.
The scorpion is severely wounded.
The scorpion stings you.
* * * LOW HITPOINT WARNING * * *
An endoplasm comes into view.
The scorpion stings you!
You die...

#### ###...
......#
....... $
.....#######
...#J........#
.#.?...#####<#
..(.....s@)..#
.......####..#
###(#.. #..# #
#.. #..# #..
#... s.. .....
...? #..#..
#### #..#...


You could see a scorpion and an endoplasm.

Vanquished Creatures
  A centaur (D:4)
  Terence (D:3)
  An adder (D:3)
  A worm (D:2)
  A dart slug (D:2)
  2 ball pythons (D:2)
  2 bats
  5 endoplasms
  A giant cockroach (D:1)
  4 goblins
  4 hobgoblins
  4 jackals (D:3)
  3 quokkas
  A rat (D:3)
31 creatures vanquished.

Notes
Turn   | Place    | Note
-------+----------+-------------------------------------------
     0 | D:1      | Glokmah the Demonspawn Hunter began the quest for the Orb.
     0 | D:1      | Reached XP level 1. HP: 16/16 MP: 1/1
   829 | D:1      | Gained mutation: You regenerate magic rapidly. [demonic
                  | ancestry]
   829 | D:1      | Reached XP level 2. HP: 22/22 MP: 2/2
  1161 | D:2      | Reached skill level 4 in Throwing
  1633 | D:2      | Found a faded altar of an unknown god.
  2084 | D:3      | Noticed Terence
  2090 | D:3      | Killed Terence
  2091 | D:3      | Reached XP level 3. HP: 28/28 MP: 3/3
  2133 | D:3      | Found an ornate altar of the Wu Jian Council.
  2521 | D:3      | Reached XP level 4. HP: 24/34 MP: 4/4
  2965 | D:3      | Found a hide-covered altar of Uskayaw.
  3258 | D:3      | Became a worshipper of Uskayaw the Reveller
  3386 | D:4      | Noticed a centaur
  3386 | D:4      | Noticed a scorpion
  3390 | D:4      | Reached * piety under Uskayaw
  3391 | D:4      | Killed a centaur
  3391 | D:4      | Reached ** piety under Uskayaw
  3392 | D:4      | Reached skill level 5 in Throwing
  3392 | D:4      | Gained mutation: You are partially covered in icy blue
                  | scales. (AC +2) [demonic ancestry]
  3392 | D:4      | Reached XP level 5. HP: 13/41 MP: 4/6
  3394 | D:4      | Slain by a scorpion

Illustrated notes

Levels and vault maps discovered:
D:1:      wander_arrival_chamber, layout_basic, serial_co_window_serial,
          co_window_corner_a, co_window_cross_1, co_window_paths_b,
          co_window_of_opportunity_a, co_window_cross_1, co_window_paths_c,
          co_window_corner_ca, co_window_unsneaky_path_b,
          co_window_unsneaky_path_a, co_window_4corner_b, glass_columns_a
D:2:      layout_loops_ring, shapermc_ecumenical_altar_mp_highgroup
D:3:      layout_basic, mainiacjoe_overflow_alcove_2,
          mainiacjoe_overflow_24_doors, uniq_terence
D:4:      wad_lake_hut, layout_loops_ring, lemuel_tele_altar,
          mainiacjoe_overflow_catch_the_wave, corexii_leaking_fountain,
          minivault_26, minmay_misc_feat_square

Skill      XL: |  1  2  3  4 |
---------------+-------------+-----
Throwing       | 4 5 |  5.0
Fighting       | 3 |  3.2
Invocations    | 2 |  2.1
Dodging        | |  1.7
Stealth        | |  0.8

Action                   |  1- 3 |  4- 6 || total
-------------------------+-------+-------++-------
Melee: Short sword       |    12 |     9 ||    21
       Falchion          |    41 |       ||    41
Throw: Stone             |    66 |     4 ||    70
       Javelin           |     5 |     5 ||    10
Armor: Leather armour    |    16 |       ||    16
       Ring mail         |    10 |     3 ||    13
Dodge: Dodged            |    39 |     3 ||    42

Table legend: (Time is in decaauts)
 A = Elapsed time spent in this place.
 B = Non-inter-level travel time spent in this place.
 C = Inter-level travel time spent in this place.
 D = Time resting spent in this place.
 E = Time spent auto-exploring this place.
 F = Levels seen in this place.
 G = Mean time per level.
                   A        B        C        D        E       F      G
               +--------+--------+--------+--------+--------+-----+--------+
         Total |   3407 |   3087 |    320 |      0 |   2579 |   4 |  851.8 |
       Dungeon |   3407 |   3087 |    320 |      0 |   2579 |   4 |  851.8 |
               +--------+--------+--------+--------+--------+-----+--------+

Top non-repeatable levels by time:
     D:3: 1292 daAuts
     D:1: 1104 daAuts
     D:2: 982 daAuts
     D:4: 27 daAuts
